Map: 亚历山大港 - 天梯版

Players

PtitDrogo - Winner!

  • Race: Protoss Protoss
  • League: Platinum

Reynor

  • Race: Zerg Zerg

Event: WESG 2018 Grand Finals

VOD

Have the link to the VOD?

Description

Time

  • Played on: March 12, 2019, 3:02 a.m.
  • Length: 7:00

All games in this series

Show
View Real Time Build Order
Export as new Build Order

PtitDrogo Protoss - Winner!

Build Orders: 1 Gate Expand, Oracle Opening, Zealot Archon, Archon Drop 

Get SALT Encoding   

  12  0:00  Probe  
  13  0:12  Probe  
  14  0:20  Pylon  
  14  0:24  Probe  
  15  0:29  Assimilator  
  15  0:35  Probe  
  16  0:43  Probe  
  16  0:44  Gateway  
  17  0:52  Probe  
  18  1:04  Probe  
  19  1:16  Probe  
  20  1:29  Nexus  
  20  1:35  Cybernetics Core  
  20  1:38  Probe  
  21  1:43  Assimilator  
  21  1:50  Probe  
  21  1:53  Pylon  
  22  2:01  Adept  
  22  2:02  Probe  
  25  2:15  Stargate  
  25  2:17  Probe  
  26  2:24  Pylon  
  26  2:28  Probe  
  27  2:30  Warp Gate  
  27  2:36  Stalker, Probe  
  29  2:39  Probe  
  31  2:44  Probe  
  31  2:48  Probe  
  32  2:54  Oracle  
  32  2:56  Probe  
  32  2:58  Probe  
  38  3:08  Probe  
  38  3:10  Probe  
  40  3:15  Pylon  
  40  3:20  Probe  
  40  3:22  Probe  
  40  3:24  Robotics Facility  
  42  3:29  Assimilator  
  42  3:31  Assimilator  
  42  3:32  Probe  
  43  3:34  Probe  
  43  3:39  Gateway  
  44  3:44  Probe  
  44  3:45  Twilight Council  
  45  3:49  Probe  
  46  3:56  Probe  
  46  4:01  Probe, Gateway  
  48  4:03  Warp Prism  
  48  4:04  Charge  
  48  4:06  Gateway  
  48  4:08  Probe  
  49  4:15  Probe  
  52  4:18  Pylon  
  52  4:20  Probe  
  53  4:29  Templar Archives  
  53  4:36  Zealot  
  55  4:40  Pylon  
  55  4:41  Probe  
  56  4:54  Gateway x2  
  56  4:57  Gateway  
  56  4:59  Gateway  
  56  5:13  High Templar x4  
  64  5:17  Pylon, Archon x2  
  64  5:24  Nexus  
  64  5:30  Pylon  
  64  5:36  Pylon  
  64  5:38  Pylon  
  64  5:49  High Templar x2  
  68  5:50  Zealot x4  
  68  5:51  Zealot  
  68  5:53  Zealot  
  68  5:54  Archon  
  80  6:01  Nexus  
  80  6:13  Zealot x4  
  76  6:25  High Templar  
  76  6:26  High Templar, Zealot x2  
  76  6:30  Archon  
  82  6:35  Zealot x4  
  74  6:47  High Templar x2  
  74  6:52  Archon  
  79  6:57  Zealot x4  
  79  6:58  Zealot  
Show
View Real Time Build Order
Export as new Build Order

Reynor Zerg 

Build Orders: Hatch First 

Get SALT Encoding   

  12  0:00  Drone  
  13  0:12  Overlord  
  13  0:18  Drone  
  14  0:31  Drone x2  
  14  0:35  Drone  
  17  0:52  Hatchery  
  17  0:56  Drone  
  17  0:59  Drone  
  18  1:10  Extractor  
  17  1:15  Spawning Pool  
  17  1:18  Drone  
  17  1:22  Drone  
  18  1:28  Drone  
  19  1:39  Drone  
  20  1:50  Drone  
  21  2:04  Zergling x4  
  21  2:05  Queen x2  
  27  2:11  Overlord  
  27  2:17  Drone  
  28  2:30  Drone x2  
  30  2:38  Hatchery, Drone  
  30  2:39  Metabolic Boost  
  30  2:43  Drone  
  31  2:48  Drone  
  31  2:49  Overlord  
  32  2:56  Queen  
  34  2:59  Drone  
  34  3:02  Drone  
  36  3:09  Drone x2  
  38  3:13  Overlord  
  38  3:15  Drone x2  
  38  3:18  Drone  
  41  3:20  Drone  
  42  3:29  Overlord  
  42  3:31  Drone  
  42  3:32  Queen  
  45  3:35  Spore Crawler  
  45  3:40  Drone  
  45  3:42  Drone  
  45  3:46  Drone x4  
  50  3:50  Spore Crawler  
  50  3:53  Lair  
  49  3:58  Spore Crawler  
  49  4:02  Drone x3  
  51  4:03  Drone  
  51  4:05  Drone  
  51  4:09  Zergling x4  
  55  4:12  Drone x2  
  55  4:14  Drone  
  58  4:17  Extractor  
  58  4:18  Drone x2, Extractor  
  58  4:21  Overlord  
  58  4:31  Drone  
  58  4:34  Overlord  
  58  4:40  Drone x5  
  63  4:45  Queen  
  63  4:48  Zergling x2  
  63  4:50  Overlord  
  66  4:54  Hydralisk Den, Zergling x6  
  66  4:55  Drone x2  
  66  4:57  Zergling x2  
  66  4:58  Overlord  
  71  5:01  Drone x3  
  71  5:02  Extractor  
  71  5:03  Drone  
  74  5:07  Overlord  
  74  5:11  Drone x2  
  76  5:16  Overlord  
  75  5:23  Hydralisk x5  
  75  5:25  Overseer  
  75  5:28  Hydralisk  
  85  5:32  Evolution Chamber  
  86  5:35  Hydralisk x2  
  86  5:40  Drone x3  
  86  5:42  Drone x3  
  96  5:45  Drone  
  96  5:46  Overlord  
  96  5:49  Drone x2  
  97  5:52  Overlord  
  97  5:53  Drone  
  97  5:55  Drone x2, Extractor  
  97  5:56  Drone  
  99  6:02  Extractor  
  99  6:04  Pneumatized Carapace  
  98  6:09  Hydralisk x3  
  102  6:11  Hydralisk  
  102  6:12  Zergling x2  
  102  6:14  Zergling x2  
  98  6:19  Zergling x2, Hydralisk  
  98  6:20  Zergling x6  
  98  6:21  Zergling x2  
  98  6:25  Zergling x2, Hydralisk  
  97  6:28  Hydralisk  
  97  6:29  Hydralisk  
  97  6:30  Zergling x2  
  97  6:33  Zergling x2, Hydralisk  
  97  6:34  Zergling x2  
Tags
 
Add a new tag
Caveats
  • Supply blocks, unpowered buildings, or Contaminate may cause inaccurate times.
  • Supply counts are checked every 10 seconds.